 Dungeon Crawl Stone Soup version 0.22-a0-284-g99d1f74 (webtiles) character file.

380 Azzok the Skirmisher (level 6, -1/58 HPs)
             Began as a Minotaur Fighter on Mar 20, 2018.
             Was an Initiate of Okawaru.
             Slain by an ogre
             ... wielding a +0 giant club
              (18 damage)
             ... on level 4 of the Dungeon.
             The game lasted 00:05:01 (2986 turns).

Azzok the Skirmisher (Minotaur Fighter)             Turns: 2986, Time: 00:05:02

Health: -1/58      AC: 11    Str: 24    XL:     6   Next: 46%
Magic:  6/6        EV:  4    Int:  6    God:    Okawaru [......]
Gold:   162        SH:  9    Dex: 10    Spells: 5/5 levels left

rFire    . . .     SeeInvis .   q - +2 dagger (venom)
rCold    . . .     Gourm    .   c - +0 shield
rNeg     . . .     Faith    .   n - +0 plate armour
rPois    .         Spirit   .   (helmet restricted)
rElec    .         Reflect  .   (no cloak)
rCorr    .         Harm     .   (no gloves)
MR       .....                  (no boots)
Stlth    ..........             (no amulet)
HPRegen  0.19/turn              h - +3 ring of strength (curse)
MPRegen  0.10/turn              (no ring)

@: no status effects
A: retaliatory headbutt, horns 2
a: Renounce Religion


You were on level 4 of the Dungeon.
You worshipped Okawaru.
Okawaru was noncommittal.
You were not hungry.

You visited 1 branch of the dungeon, and saw 4 of its levels.

You collected 162 gold pieces.

Inventory:

Hand Weapons
 a - a +0 long sword
 q - a +2 dagger of venom (weapon)
Missiles
 v - 8 silver javelins (quivered)
Armour
 c - a +0 shield (worn)
 n - a +0 plate armour (worn)
Jewellery
 b - an uncursed ring of flight
 h - a cursed +3 ring of strength (left hand)
Scrolls
 k - 3 scrolls of identify {unknown}
 m - a scroll of amnesia {unknown}
 p - 2 scrolls of teleportation {unknown}
 r - a scroll of remove curse {unknown}
 w - a scroll of fog {unknown}
Potions
 d - a potion of might
 e - 3 potions of degeneration {unknown}
 g - 2 potions of brilliance {unknown}
 i - a potion of curing {unknown}
 j - 2 potions of invisibility {unknown}
 l - a potion of mutation {unknown}
 o - a potion of lignification {unknown}
 t - a potion of flight {unknown}
 u - 2 potions of cancellation {unknown}
Comestibles
 f - 3 rations
 s - 2 chunks of flesh


   Skills:
 + Level 6.5 Fighting
 + Level 5.8 Long Blades
 - Level 3.6 Armour
 - Level 3.6 Shields
 + Level 1.7 Invocations


You had 5 spell levels left.
You didn't know any spells.

Dungeon Overview and Level Annotations

Branches:
Dungeon (4/15)
 Temple: D:4-7

Altars:
Ashenzari
Cheibriados
Nemelex Xobeh
Okawaru
Qazlal
Trog
Yredelemnul
The Shining One


Innate Abilities, Weirdness & Mutations

You reflexively headbutt those who attack you in melee.
You have a pair of horns on your head.


Message History

You kill the ooze!
Okawaru accepts your kill.
You hit the ogre but do no damage.
The ogre is poisoned.
Your headbutt misses the ogre. The ogre hits you with a giant club!
You hit the ogre. Your headbutt misses the ogre.
The ogre is moderately wounded.
You hit the ogre.
The ogre looks as sick as possible!
The ogre is moderately wounded.
The ogre hits you with a giant club!!
Your shield and plate armour prevent you from hitting the ogre.
You headbutt the ogre, but do no damage.
The ogre is moderately wounded.
The ogre hits you with a giant club!
* * * LOW HITPOINT WARNING * * *
You see here a halberd.
A worker ant comes into view.
You hit the ogre. You headbutt the ogre.
The ogre is almost dead.
The ogre hits you with a giant club!!
You die...

▒▒▒·▒§···§▒ ▒·▒ ▒·▒ ····▒▒▒·▒▒▒
▒·▒ ▒·▒ ▒▒▒▒·▒▒·▒▒▒▒▒▒▒·▒ ▒·▒ ▒
▒·▒▒·········▒▒▒▒·▒
▒▒▒▒·▒▒▒···········▒·▒▒▒▒▒▒▒▒▒
··▒▒·▒▒▒·····▒▒·▒·▒··········▒
··▒▒·▒▒··········▒▒▒·<▒▒▒▒▒▒·▒
··▒▒·▒▒▒·····▒▒·▒·▒·▒)▒ ▒·▒
··▒▒(▒▒▒····▒▒▒·@O····▒▒ ▒·▒▒▒▒
············▒▒▒··▒▒▒···▒▒▒▒▒·····
▒·▒▒·············▒ ▒·▒·········▒
▒·▒▒▒▒▒▒·▒··▒▒▒··▒▒▒···▒▒▒▒▒)·▒▒▒
▒·▒▒▒▒▒▒·▒··▒▒▒··················
▒)▒▒·············▒·▒▒········▒▒·▒
▒·▒▒··▒··▒·········▒▒▒·▒▒▒▒▒·▒ ·
▒·▒···▒········>▒▒▒▒ ▒·▒ ▒··▒
····▒▒▒▒▒···▒▒▒▒▒ ▒·▒ ▒·▒▒


You could see an ogre.

Vanquished Creatures
  An ogre (D:4)
  A jelly (D:3)
  2 orc wizards (D:3)
  2 worker ants
  Robin (D:2)
  3 gnolls (D:4)
  4 adders
  2 oozes
  2 worms
  A dart slug (D:3)
  3 orcs (D:3)
  2 giant cockroaches
  8 hobgoblins
  14 jackals
  5 kobolds
  2 bats
  3 frilled lizards
  14 goblins
  3 rats
73 creatures vanquished.

Notes
Turn   | Place    | Note
-------+----------+-------------------------------------------
     0 | D:1      | Azzok the Minotaur Fighter began the quest for the Orb.
     0 | D:1      | Reached XP level 1. HP: 19/19 MP: 0/0
   413 | D:1      | Reached skill level 4 in Fighting
   521 | D:1      | Found a shattered altar of Ashenzari.
   582 | D:1      | Reached XP level 2. HP: 27/27 MP: 1/1
   751 | D:2      | Found a basalt altar of Yredelemnul.
   885 | D:2      | Reached XP level 3. HP: 34/34 MP: 2/2
  1247 | D:2      | Noticed Robin
  1281 | D:2      | Killed Robin
  1281 | D:2      | Reached skill level 5 in Fighting
  1281 | D:2      | Reached XP level 4. HP: 32/42 MP: 3/3
  1616 | D:2      | Found a glowing golden altar of the Shining One.
  1618 | D:2      | Noticed an angel
  1661 | D:2      | Found a snail-covered altar of Cheibriados.
  1959 | D:3      | Reached XP level 5. HP: 49/49 MP: 4/4
  2111 | D:3      | Reached skill level 5 in Long Blades
  2254 | D:3      | Found a bloodstained altar of Trog.
  2315 | D:3      | Found an iron altar of Okawaru.
  2332 | D:3      | Found a sparkling altar of Nemelex Xobeh.
  2349 | D:3      | Became a worshipper of Warmaster Okawaru
  2376 | D:3      | Found a shattered altar of Ashenzari.
  2443 | D:4      | Reached skill level 6 in Fighting
  2453 | D:4      | Found a stormy altar of Qazlal.
  2480 | D:4      | Noticed an ogre
  2486 | D:4      | Killed an ogre
  2486 | D:4      | Reached skill level 1 in Invocations
  2486 | D:4      | Reached XP level 6. HP: 30/58 MP: 5/5
  2986 | D:4      | Slain by an ogre

Vault maps used:
D:1:      tarquinn_simple_flora_water_d, evilmike_ruin_ashenzari
D:2:      kb_forest_paths, grunt_temple_overflow_holy_war,
          lemuel_coloured_pillars_altar, uniq_robin
D:3:      nicolae_overflow_quartered_altars, wad_floor_pattern_untrapped,
          due_unseen_surprise
D:4:      grunt_temple_overflow_gold_and_silver, grunt_qazlal_clouds,
          temple_statues

Skill      XL: |  1  2  3  4  5 |
---------------+----------------+-----
Fighting       | 4 5 6 |  6.5
Long Blades    | 3 4 5 |  5.8
Invocations    | 1 |  1.7
Armour         | |  3.6
Shields        | |  3.6

Action                   |  1- 3 |  4- 6 || total
-------------------------+-------+-------++-------
Melee: Long sword        |    92 |     4 ||    96
       Headbutt          |    18 |    21 ||    39
       Dagger            |       |    89 ||    89
  Eat: Chunk             |     1 |     6 ||     7
Armor: Plate armour      |    56 |    54 ||   110
       Scale mail        |     2 |       ||     2
Dodge: Dodged            |    20 |    10 ||    30
Block: Shield            |    61 |    57 ||   118
       Rpst.: Long sword |     2 |       ||     2

Table legend:
 A = Spawn XP
 B = Non-spawn XP
 C = Spawn XP percentage of total XP
 D = Spawn monster count
 E = Non-spawn monster count
 F = Spawn count percentage of total count
 G = Total turns spent on level
                    A         B        C        D         E        F      G
               +---------+---------+-------+---------+---------+-------+---------
         Total |       0 |     543 |   0.0 |       0 |      73 |   0.0 |  2986
               +---------+---------+-------+---------+---------+-------+---------
           D:1 |       0 |      12 |   0.0 |       0 |       8 |   0.0 |   599
           D:2 |       0 |     102 |   0.0 |       0 |      36 |   0.0 |  1151
           D:3 |       0 |     224 |   0.0 |       0 |      22 |   0.0 |   892
           D:4 |       0 |     205 |   0.0 |       0 |       7 |   0.0 |   344
               +---------+---------+-------+---------+---------+-------+---------
